 Dungeon Crawl Stone Soup version 0.14-a0-2644-gcc8e764 (webtiles) character file.

1341 MrRokkomies the Cleaver (level 8, -1/64 HPs)
             Began as a Lava Orc Fighter on Feb 16, 2014.
             Was an Initiate of Okawaru.
             Hit by a tomahawk thrown by an orc warrior (3 damage)
             ... on Level 6 of the Dungeon.
             The game lasted 00:12:50 (4790 turns).

MrRokkomies the Cleaver (Lava Orc Fighter)          Turns: 4790, Time: 00:12:50

HP  -1/64        AC 13     Str 21      XL: 8   Next: 12%
MP   0/8         EV  3     Int  8      God: Okawaru [......]
Gold 220         SH 21     Dex 10      Spells:  0 memorised,  7 levels left

rFire  + + +     SeeInvis .     a - +1,+0 orc hand axe
rCold  x . .     Clarity  .     n - +0 orc plate armour
rNeg   . . .     Conserve .     c - +0 orc shield
rPois  .         rCorr    .     (no helmet)
rElec  .         rRot     .     u - +0 cloak
SustAb + .       Spirit   +     t - +0 pair of gloves
rMut   .         Warding  .     (no boots)
Saprov + . .     Stasis   .     f - cursed amulet of guardian spirit
MR     .....                    (no ring)
                                i - ring of sustain abilities

@: heavily drained, not resistant to hostile enchantments, extremely unstealthy
A: conserve scrolls, saprovore 1
a: Renounce Religion


You were on level 6 of the Dungeon.
You worshipped Okawaru.
Okawaru was noncommittal.
You were very hungry.

You visited 2 branches of the dungeon, and saw 7 of its levels.

You collected 220 gold pieces.

Inventory:

Hand weapons
 a - a +1,+0 orcish hand axe (weapon)
 v - a +0,+0 sling
Missiles
 g - 2 javelins (quivered)
 r - 26 poisoned needles
Armour
 c - a +0 orcish shield (worn)
 n - a +0 orcish plate armour (worn)
 p - a +1 orcish ring mail of poison resistance
 t - a +0 pair of gloves (worn)
 u - a +0 cloak (worn)
Magical devices
 j - a wand of random effects (11)
Comestibles
 d - 3 meat rations
 o - 3 bread rations
Scrolls
 l - a scroll of teleportation
 q - 3 scrolls of remove curse
 w - a scroll of fog {unknown}
 x - a scroll of immolation {unknown}
Jewellery
 f - a cursed amulet of guardian spirit (around neck)
 i - a ring of sustain abilities (left hand)
 m - an uncursed amulet of faith
 s - an uncursed amulet of resist mutation {unknown}
Potions
 b - a potion of curing
 e - a potion of restore abilities {unknown}
 h - a potion of agility
 k - a potion of brilliance


   Skills:
 - Level 3.6(1.6) Fighting
 - Level 9.1(6.8) Axes
 * Level 3.9(1.9) Armour
 + Level 7.2(5.0) Shields


You had 7 spell levels left.
You didn't know any spells.

Dungeon Overview and Level Annotations

Branches:
Dungeon (6/16)             Temple (1/1) D:5

Altars:
Cheibriados
Elyvilon
Fedhas
Kikubaaqudgha
Makhleb
Nemelex Xobeh
Okawaru
Sif Muna
Vehumet
Xom
Yredelemnul
Zin


Innate Abilities, Weirdness & Mutations

You have stony skin.
Your flesh is almost immune to the effects of heat.
Your fire spells are more powerful.
Your flesh is vulnerable to cold.
Your heat harms attackers.
You bathe your surroundings in blazing heat.
You are too hot to use scrolls.
You are very good at protecting items from fire.
You can tolerate rotten meat.


Message History

The orc zaps a wand.
The bolt of negative energy hits you!
You feel drained.
You hit the orc warrior.
The orc warrior is lightly wounded.
Your stony skin melts.
The orc zaps a wand.
The bolt of negative energy hits you!
You feel drained.
The orc warrior hits you with an orcish short sword.
You hit the orc warrior.
The orc warrior is lightly wounded.
The orc curses loudly.
The orc zaps a wand.
The bolt of negative energy hits you!
You feel drained.
The orc warrior hits you with an orcish short sword!
* * * LOW HITPOINT WARNING * * *
You closely miss the orc warrior.
The orc warrior is lightly wounded.
The orc hits you but does no damage.
The orc warrior hits you but does no damage.
The orc zaps a wand.
The bolt of negative energy hits you!
You feel drained.
* * * LOW HITPOINT WARNING * * *
The orc warrior throws a tomahawk.
The tomahawk hits you!
You die...

....# .... # #...# .... #
#...# ... # #...# ###..# #
#...# #.... # # #...#
#.#o##>.#.
########...#####o#o......#
#<..........[...).#
................@.#
#.................#
########...######## #...#
#...# #######...#
#.........## ##.####.....#
....###.....#


You could see an orc warrior and 2 orcs.

Vanquished Creatures
  An orc warrior (D:6)
  A phantom (D:6)
  An ogre (D:3)
  The ghost of CrazyArbalest the Bolt Thrower, an average DsHu (D:3)
  2 crimson imps
  The ghost of jeanjacques the Charlatan, a weakling FeAr (D:6)
  A jelly (D:5)
  4 orc wizards
  Crazy Yiuf (D:5)
  2 iguanas
  An orc priest (D:5)
  3 hounds
  2 scorpions
  2 worker ants
  9 adders
  4 gnolls
  A worm zombie (D:5)
  A giant mite (D:3)
  A worm (D:6)
  An adder zombie (D:5)
  A giant eyeball (D:5)
  3 giant geckos
  An ooze (D:1)
  13 orcs
  3 ball pythons
  5 hobgoblins
  4 jackals
  2 quokkas
  6 bats
  3 giant cockroaches
  2 giant newts
  6 goblins
  6 kobolds
  2 orc zombies (D:5)
  9 rats
  A rat skeleton (D:4)
  2 butterflies (D:5)
109 creatures vanquished.

Notes
Turn   | Place    | Note
--------------------------------------------------------------
     0 | D:1      | MrRokkomies, the Lava Orc Fighter, began the quest for the Orb.
     0 | D:1      | Reached XP level 1. HP: 19/19 MP: 1/1
   186 | D:1      | Reached XP level 2. HP: 26/26 MP: 2/2
   246 | D:1      | Reached skill level 4 in Shields
   630 | D:1      | Reached XP level 3. HP: 31/31 MP: 3/3
   908 | D:2      | Found a burning altar of Makhleb.
   947 | D:2      | Reached XP level 4. HP: 33/39 MP: 2/4
  1466 | D:2      | Found a white marble altar of Elyvilon.
  1467 | D:2      | Found a sparkling altar of Nemelex Xobeh.
  1777 | D:3      | Reached skill level 5 in Axes
  1777 | D:3      | Reached skill level 5 in Shields
  1777 | D:3      | Reached XP level 5. HP: 33/45 MP: 3/5
  1875 | D:3      | Noticed CrazyArbalest's ghost (average DsHu)
  1885 | D:3      | Found a basalt altar of Yredelemnul.
  1904 | D:3      | HP: 1/45 [something (2)]
  1909 | D:3      | HP: 1/45 [something (3)]
  1916 | D:3      | Reached skill level 6 in Axes
  1916 | D:3      | Reached XP level 6. HP: 3/51 MP: 0/6
  2254 | D:3      | Killed CrazyArbalest's ghost
  2576 | D:3      | Noticed an ogre
  2605 | D:3      | Killed an ogre
  2605 | D:3      | Reached skill level 7 in Axes
  2702 | D:4      | Found a blossoming altar of Fedhas.
  3163 | D:4      | Reached XP level 7. HP: 46/57 MP: 5/7
  3267 | D:5      | Entered Level 5 of the Dungeon
  3456 | D:5      | Paralysed by a giant eyeball for 3 turns
  3470 | D:5      | Found a glowing silver altar of Zin.
  3614 | D:5      | Found a shimmering altar of Xom.
  3688 | D:5      | Reached skill level 8 in Axes
  3924 | D:5      | Found a staircase to the Ecumenical Temple.
  3932 | Temple   | Entered the Ecumenical Temple
  3990 | Temple   | Became a worshipper of Warmaster Okawaru
  4163 | D:5      | Noticed Crazy Yiuf
  4174 | D:5      | Killed Crazy Yiuf
  4445 | D:6      | Reached skill level 9 in Axes
  4490 | D:6      | Found a glowing silver altar of Zin.
  4677 | D:6      | Reached XP level 8. HP: 51/64 MP: 6/8
  4711 | D:6      | Noticed jeanjacques' ghost (weakling FeAr)
  4733 | D:6      | Killed jeanjacques' ghost
  4790 | D:6      | HP: 2/64 [orc/wand of draining (9)]
  4790 | D:6      | Hit by a tomahawk thrown by an orc warrior

Action                   |  1- 3 |  4- 6 |  7- 9 || total
-------------------------+-------+-------+-------++-------
Melee: Hand axe          |   103 |   178 |   199 ||   480
Evoke: Wand              |       |       |     1 ||     1
  Use: Scroll            |     2 |     2 |     9 ||    13
       Potion            |       |     6 |       ||     6
